 Dungeon Crawl Stone Soup version 0.17.0-1-g61d176b (console) character file.

2 gw the Ducker (level 1, -1/16 HPs)
             Began as a Human Gladiator on Nov 8, 2015.
             Slain by a gnoll
             ... wielding a +0 flail
              (4 damage)
             ... on level 1 of the Dungeon.
             The game lasted 00:00:08 (50 turns).

gw the Ducker (Human Gladiator)                       Turns: 50, Time: 00:00:08

Health: -1/16      AC:  4    Str: 15    XL:     1   Next: 44%
Magic:  1/1        EV: 12    Int:  8    God:
Gold:   0          SH:  0    Dex: 13    Spells: 0 memorised, 0 levels left

rFire  . . .     SeeInvis .     a - +0 quarterstaff
rCold  . . .     Clarity  .     b - +0 leather armour
rNeg   . . .     SustAt   .     (shield currently unavailable)
rPois  .         Gourm    .     c - +0 helmet
rElec  .         Spirit   .     (no cloak)
rCorr  .         Warding  .     (no gloves)
rMut   .         Stasis   .     (no boots)
MR     .....                    (no amulet)
Stlth  +.........               (no ring)
                                (no ring)

@: not resistant to hostile enchantments, very unstealthy
A: no striking features
a: no special abilities


You were on level 1 of the Dungeon.
You were not hungry.

You visited 1 branch of the dungeon, and saw 1 of its levels.

Inventory:

Hand Weapons
 a - a +0 quarterstaff (weapon)
Missiles
 d - 3 throwing nets
Armour
 b - a +0 leather armour (worn)
 c - a +0 helmet (worn)
Comestibles
 e - a bread ration


   Skills:
 + Level 2.2 Fighting
 + Level 3.0 Staves
 - Level 2.0 Throwing
 + Level 0.0 Armour
 - Level 3.0 Dodging


You couldn't memorise any spells.
You didn't know any spells.

Dungeon Overview and Level Annotations

Branches:
Dungeon (1/15)

Altars:


Message History

ATTACK MOVE TO (-1,-1)
You hit the jackal.
You kill the jackal!
The jackal closely misses you. The kobold hits you with a whip.
The gnoll completely misses you. The jackal barely misses you.
Unknown command.
Unknown command.
Unknown command.
Unknown command.
MOVING TO (5,-7)
The jackal barely misses you. The kobold closely misses you.
The gnoll misses you.
Unknown command.
Unknown command.
Unknown command.
ATTACK MOVE TO (-1,1)
You hit the jackal.
You kill the jackal!
The kobold closely misses you. The gnoll hits you with a flail.
You die...

##......##.##.######
........(...........
.........######..###
...?.....# #......#
.........# #..#.###
.........# #......#
.........# #......#
. ##+##....#
##.#.###
....##.pgr...#
#......#
........K....#
#......#
...###########
##.#.#.# . #......#
#......# #.##.###
#......# #.....%#
#<...###


You could see a gnoll, a kobold and a rat.

Table legend:
 A = Turns spent in this place as a percentage of turns spent in the entire game.
 B = Non-inter-level travel turns spent in this place as a percentage of non-inter-level travel turns spent in the entire game.
 C = Inter-level travel turns spent in this place as a percentage of turns spent in this place.
 D = Turns resting spent in this place as a percentage of non-inter-level travel turns spent in this place.
 E = Turns spent auto-exploring this place as a percentage of non-inter-level travel turns spent in this place.
 F = Non-inter-level travel turns spent in this place divided by the number of levels of this place that you've seen.
                   A       B       C       D       E      F
               +-------+-------+-------+-------+-------+----------------------
         Total | 100.0 | 100.0 |   0.0 |   0.0 |   1.2 | 165.0
       Dungeon | 100.0 | 100.0 |   0.0 |   0.0 |   1.2 | 165.0
               +-------+-------+-------+-------+-------+----------------------

Table legend:
 A = Kills in this place as a percentage of kills in entire the game.
 B = Kills by you in this place as a percentage of kills by you in the entire game.
 C = Kills by friends in this place as a percentage of kills by friends in the entire game.
 D = Other kills in this place as a percentage of other kills in the entire game.
 E = Experience gained in this place as a percentage of experience gained in the entire game.
 F = Experience gained in this place divided by the number of levels of this place that you have seen.
                   A       B       C       D       E      F
               +-------+-------+-------+-------+-------+----------------------
         Total | 100.0 | 100.0 |  -nan |  -nan | 100.0 |   4.0
       Dungeon | 100.0 | 100.0 |  -nan |  -nan | 100.0 |   4.0
               +-------+-------+-------+-------+-------+----------------------

Vanquished Creatures
  2 jackals (D:1)
2 creatures vanquished.

Notes
Turn   | Place    | Note
--------------------------------------------------------------
     0 | D:1      | gw the Human Gladiator began the quest for the Orb.
     0 | D:1      | Reached XP level 1. HP: 16/16 MP: 1/1
    50 | D:1      | Slain by a gnoll

Action                   || total
-------------------------++-------
Melee: Quarterstaff      ||     9

Vault maps used:
D:1:      dpeg_arrival_ternary, minmay_misc_feat_cross
